 Dungeon Crawl Stone Soup version 0.26.1-11-gd32895ea62 (webtiles) character file.

Game seed: 16517384662003134110

95 buriedalive the Chiller (level 4, -1/24 HPs)
             Began as a Deep Elf Ice Elementalist on June 21, 2021.
             Slain by a worker ant zombie (5 damage)
             ... on level 3 of the Dungeon.
             The game lasted 00:04:18 (3529 turns).

buriedalive the Chiller (Deep Elf Ice Elementalist) Turns: 3529, Time: 00:04:19

Health: -1/24      AC:  2    Str:  5    XL:     4   Next: 39%
Magic:  7/10       EV: 14    Int: 21    God:
Gold:   192        SH:  0    Dex: 15    Spells: 2/9 levels left

rFire    . . .     SeeInvis .   l - +0 dagger (freeze)
rCold    . . .     Faith    .   (no shield)
rNeg     . . .     Spirit   .   a - +0 robe
rPois    .         Reflect  .   (no helmet)
rElec    .         Harm     .   (no cloak)
rCorr    .         Rampage  .   (no gloves)
Will     .....                  (no boots)
Stlth    ++........             (no amulet)
HPRegen  0.08/turn              (no ring)
MPRegen  0.12/turn              (no ring)

@: no status effects
A: no striking features
a: no special abilities


You were on level 3 of the Dungeon.
You visited 1 branch of the dungeon, and saw 3 of its levels.

You collected 192 gold pieces.

Inventory:

Hand Weapons
 c - a +0 dagger
 l - a +0 dagger of freezing (weapon)
Missiles
 d - 62 stones
 g - 20 poisoned darts
Armour
 a - a +0 robe (worn)
Jewellery
 i - an uncursed ring of stealth {unknown}
 o - an uncursed ring of see invisible {unknown}
Scrolls
 f - a scroll of remove curse {unknown}
 h - 4 scrolls of identify {unknown}
 k - a scroll of teleportation {unknown}
 m - a scroll of magic mapping {unknown}
Potions
 b - 2 potions of cancellation
 j - a potion of attraction {unknown}
 n - a potion of might {unknown}
 p - 2 potions of flight {unknown}


   Skills:
 + Level 4.3 Dodging
 - Level 2.4 Stealth
 - Level 3.0 Spellcasting
 + Level 5.5 Ice Magic


You had 2 spell levels left.
You knew the following spells:

 Your Spells              Type           Power        Failure   Level
a - Freeze                Ice            100%         1%          1
b - Frozen Ramparts       Ice            52%          4%          3
c - Ozocubu's Armour      Ice            26%          4%          3

Your spell library contained the following spells:

 Spells                   Type           Power        Failure   Level
 Hailstorm                Conj/Ice       14%          38%         4
 Summon Ice Beast         Ice/Summ       14%          38%         4


Dungeon Overview and Level Annotations

Branches:
Dungeon (3/15)

Altars:


Message History

The worker ant zombie is moderately damaged.
The worker ant zombie completely resists.
The wall freezes the worker ant zombie but does no damage.
The worker ant zombie bites you.
You hit the worker ant zombie.
The worker ant zombie is moderately damaged.
The worker ant zombie resists.
The wall freezes the worker ant zombie.
The worker ant zombie bites you.
You hit the worker ant zombie but do no damage.
The worker ant zombie is moderately damaged.
The frozen ramparts melt away.
The worker ant zombie closely misses you.
You hit the worker ant zombie but do no damage.
The worker ant zombie is moderately damaged.
The worker ant zombie bites you.
* * * LOW HITPOINT WARNING * * *
You hit the worker ant zombie.
The worker ant zombie is heavily damaged.
The worker ant zombie bites you.
You die...

#..... .#.....
.......
#......
#.....#####...
#.........Z...
#.# #Z# #@####
#.)..# ####.#
#####.#.#
#.....#.#
#.#<..#'######
##.........#
+.........#
#......)..#


You could see a worker ant zombie.

Vanquished Creatures
  An adder (D:2)
  A dart slug (D:1)
  2 leopard geckos
  An orc (D:3)
  2 ball pythons
  2 giant cockroaches (D:2)
  12 goblins
  9 hobgoblins
  2 jackals (D:1)
  5 kobolds
  A quokka (D:2)
  8 bats
  3 frilled lizards (D:1)
  A jackal skeleton (D:3)
  A jackal zombie (D:3)
  2 leopard gecko zombies (D:3)
  29 rats
82 creatures vanquished.

Vanquished Creatures (others)
  A withered plant (D:3)
1 creature vanquished.

Grand Total: 83 creatures vanquished

Notes
Turn   | Place    | Note
-------+----------+-------------------------------------------
     0 | D:1      | buriedalive the Deep Elf Ice Elementalist began the quest
                  | for the Orb.
     0 | D:1      | Reached XP level 1. HP: 10/10 MP: 6/6
   357 | D:1      | Reached XP level 2. HP: 15/15 MP: 8/8
  1024 | D:1      | Reached skill level 5 in Ice Magic
  1089 | D:1      | Reached XP level 3. HP: 19/19 MP: 9/9
  1118 | D:1      | Learned a level 3 spell: Frozen Ramparts
  1122 | D:1      | Learned a level 3 spell: Ozocubu's Armour
  2447 | D:2      | Reached XP level 4. HP: 16/24 MP: 2/10
  3529 | D:3      | Slain by a worker ant zombie

Illustrated notes

Levels and vault maps discovered:
D:1:      minmay_arrival_diagonal_passages, layout_loops_ring,
          minmay_misc_feat_pillars, st_stairs_8, minmay_nonomino_d4
D:2:      layout_loops_ring, minmay_rat_hole
D:3:      layout_basic, ashenzari_altar_1, led_sif_pool, serial_undead,
          serial_undead_e, serial_undead_a, serial_undead_d, serial_undead_b,
          serial_undead_c, serial_undead_e, serial_undead_b, serial_undead_a,
          serial_undead_f, serial_undead_a, grunt_decor_clamped

Skill      XL: |  1  2  3 |
---------------+----------+-----
Dodging        | 3 4 |  4.3
Ice Magic      | 5 |  5.5
Stealth        | |  2.4
Spellcasting   | |  3.0

Action                   |  1- 3 |  4- 6 || total
-------------------------+-------+-------++-------
Melee: Dagger            |    54 |    52 ||   106
       Unarmed           |     1 |       ||     1
 Cast: Freeze            |    62 |    18 ||    80
       Frozen Ramparts   |       |     4 ||     4
       Ozocubu's Armour  |       |     1 ||     1
  Use: Scroll            |       |     1 ||     1
       Potion            |       |     1 ||     1
 Stab: Sleeping          |     6 |     1 ||     7
Armor: Robe              |    12 |    11 ||    23
Dodge: Dodged            |    73 |    66 ||   139
